 Dungeon Crawl Stone Soup version 0.27.1-4-g1640c2035a (webtiles) character file.

Game seed: 10555158235807798957

3384 Elvor the Conjurer (level 9, -4/75 HPs)
             Began as a Green Draconian Conjurer on Nov 3, 2021.
             Was a Priest of the Shining One.
             Killed from afar by a white imp (10 damage)
             ... with a puff of frost
             ... on level 8 of the Dungeon.
             The game lasted 01:04:52 (6863 turns).

Elvor the Conjurer (Green Draconian Conjurer)       Turns: 6863, Time: 01:04:53

Health: -4/75      AC: 17    Str: 10    XL:     9   Next: 74%
Magic:  16/18      EV: 13    Int: 22    God:    the Shining One [***...]
Gold:   408        SH:  0    Dex:  9    Spells: 13/20 levels left

rFire    . . .     SeeInvis .   y - +10 falchion "Pendulum" {holy, Will+}
rCold    . . .     Faith    .   (no shield)
rNeg     + . .     Spirit   .   (armour unavailable)
rPois    +         Reflect  .   (helmet restricted)
rElec    .         Harm     .   n - +0 cloak
rCorr    .         Rampage  .   (no gloves)
Will     +....                  m - +0 pair of boots
Stlth    +.........             (no amulet)
HPRegen  0.22/turn              v - +4 ring of protection
MPRegen  0.16/turn              B - +4 ring of protection

@: short of breath, glowing
A: breathe noxious fumes, AC +7, unfitting armour, poison resistance,
cold-blooded
a: Breathe Noxious Fumes, Renounce Religion, Divine Shield


You were on level 8 of the Dungeon.
You worshipped the Shining One.
The Shining One was most pleased with you.
You visited 2 branches of the dungeon, and saw 9 of its levels.

You collected 562 gold pieces.
You spent 154 gold pieces at shops.

Inventory:

Hand Weapons
 u - a +1 long sword of electrocution
 y - the +10 falchion "Pendulum" (weapon) {holy, Will+}
   (You found it on level 6 of the Dungeon)

   It has been blessed by the Shining One to cause great damage to the undead
   and demons.
   Will:      It increases your willpower.
Missiles
 c - 355 stones
 g - 88 sling bullets
 j - 42 poisoned darts
 w - 15 boomerangs
Armour
 m - a +0 pair of boots (worn)
 n - a +0 cloak (worn)
Jewellery
 v - a +4 ring of protection (left hand)
 B - a +4 ring of protection (right hand)
 D - a ring of positive energy
Wands
 E - a wand of acid (8)
Scrolls
 a - 4 scrolls of identify {unknown}
 b - a scroll of fear {unknown}
 e - 2 scrolls of fog {unknown}
 h - 3 scrolls of noise {unknown}
 k - 4 scrolls of blinking {unknown}
 l - 3 scrolls of teleportation {unknown}
 o - 2 scrolls of silence {unknown}
 p - 3 scrolls of amnesia {unknown}
 x - a scroll of enchant weapon {unknown}
 z - 2 scrolls of acquirement {unknown}
 C - a scroll of summoning {unknown}
 F - a scroll of immolation {unknown}
Potions
 d - 2 potions of might {unknown}
 f - a potion of magic {unknown}
 i - 4 potions of curing
 q - 2 potions of heal wounds
 r - a potion of lignification
 s - 5 potions of brilliance {unknown}
 t - a potion of berserk rage {unknown}
 A - a potion of ambrosia {unknown}


   Skills:
 * Level 6.2 Fighting
 + Level 2.1(4.1) Short Blades
 + Level 5.6(5.8) Long Blades
 + Level 2.8 Throwing
 + Level 4.9 Dodging
 + Level 2.8 Stealth
 + Level 6.1 Spellcasting
 + Level 7.2 Conjurations


You had 13 spell levels left.
You knew the following spells:

 Your Spells              Type           Power      Damage    Failure   Level
a - Magic Dart            Conj           100%       1d8       1%          1
b - Searing Ray           Conj           76%        3d6       1%          2
c - Iskenderun's Mystic   Conj/Tloc      22%        2d6       21%         4

Your spell library contained the following spells:

 Spells                   Type           Power      Damage    Failure   Level
 Dazzling Flash           Conj/Hex       44%        N/A       6%          3
 Corona                   Hex            6%         N/A       9%          1
 Mephitic Cloud           Conj/Pois/Air  17%        N/A       10%         3
 Ensorcelled Hibernation  Hex/Ice        12%        N/A       14%         2
 Fulminant Prism          Conj/Hex       11%        3d9       21%         4
 Ignite Poison            Fire/Tmut/Pois 6%         N/A       26%         3
 Tukima's Dance           Hex            6%         N/A       26%         3
 Bolt of Magma            Conj/Fire/Erth 8%         4d6       67%         5


Dungeon Overview and Level Annotations

Branches:
Dungeon (8/15)             Temple (1/1) D:4
   Lair: D:8-11

Altars:
Ashenzari
Cheibriados
Elyvilon
Fedhas
Gozag
Hepliaklqana
Kikubaaqudgha
Makhleb
Nemelex Xobeh
Okawaru
Qazlal
Ru
Sif Muna
Trog
Uskayaw
Vehumet
Wu Jian
Xom
Yredelemnul
Zin
The Shining One
Jiyva

Shops:
D:1 !

Annotations:
D:6 3 runed translucent doors, PanSaczeczos's ghost, novice TeSu


Innate Abilities, Weirdness & Mutations

You can breathe blasts of noxious fumes.
Your lurid green scales are hard. (AC +7)
You cannot fit into any form of body armour.
Your system is resistant to poisons. (rPois)
You are cold-blooded and may be slowed by cold attacks.


Message History

The searing ray hits the yak!
The yak is severely wounded. (Press . to maintain the ray.)
The searing ray hits the yak.
The yak is severely wounded.
The yak gores the two-headed ogre.
The searing ray hits the two-headed ogre!
The two-headed ogre is moderately wounded.
The searing ray hits the yak!
You kill the yak!
The two-headed ogre seems less confused.
The two-headed ogre barely misses you.
You riposte.
You slash the two-headed ogre!
The two-headed ogre is heavily wounded.
The two-headed ogre hits you with a +0 giant club!
* * * LOW HITPOINT WARNING * * *
The white imp gestures at you.
The puff of frost hits you but does no damage.
You have got your breath back.
The white imp grinds its teeth.
The white imp gestures at you.
The puff of frost hits you but does no damage.
The white imp shouts, "Crawl home, thou pox-marked dizzy-eyed giglet!"
Abil: Breathe Noxious Fumes
Press: ? - help, Q - select action, (/) - cycle Shift-Dir - straight line, f - two-headed ogre
Aim: a two-headed ogre, wielding a +0 giant spiked club and a +0 giant club (heavily wounded, haloed)
You exhale a blast of noxious fumes.
The blast of choking fumes hits the two-headed ogre.
The two-headed ogre is heavily wounded.
The blast of choking fumes hits the white imp.
The white imp completely resists.
The two-headed ogre is engulfed in noxious fumes.
The two-headed ogre hits you but does no damage.
The two-headed ogre hits you with a +0 giant club!
* * * LOW HITPOINT WARNING * * *
The two-headed ogre is engulfed in noxious fumes.
The two-headed ogre appears confused.
The white imp gestures at you. The puff of frost hits you!
You die...

.....##......
...........#
......###..# .. .......#
#.# ...
.......###.###### ##...
.....####.......###.....
......# #............#
.....####...........#
.....# #........@..#
.....####..........#
......#...#......###
..........###.....##
......#....#.○.O...##
.....####..#5.......#
.....####..°.......##
.....#.#..○........#
.........°##.....###


You could see a two-headed ogre (confused) and a white imp.

Vanquished Creatures
  Grinder (D:4)
  A wyvern (D:7)
  A wraith (D:7)
  A yak (D:8)
  Menkaure (D:7)
  A hornet zombie (D:7)
  A sky beast (D:6)
  2 ice beasts
  A necrophage (D:6)
  A centaur (D:5)
  3 phantoms
  2 kobold brigands
  Blork the orc (D:4)
  2 bullfrogs
  A wyvern zombie (D:5)
  A gnoll sergeant (D:5)
  3 scorpions
  A water moccasin zombie (D:6)
  4 killer bees (D:8)
  2 bullfrog zombies
  3 centaur zombies
  3 hounds
  4 jellies
  2 orc priests (D:4)
  2 centaur skeletons (D:6)
  Jessica (D:2)
  5 iguanas
  3 orc wizards
  A hound skeleton (D:4)
  A mummy (D:7)
  4 gnolls (D:5)
  A howler monkey skeleton (D:6)
  9 adders
  2 shadow imps
  An ufetubus (D:6)
  3 worms
  An adder skeleton (D:4)
  A dart slug (D:3)
  24 orcs
  3 endoplasms
  6 giant cockroaches
  5 hobgoblins
  6 jackals (D:1)
  A quokka (D:1)
  9 ball pythons
  10 bats
  3 frilled lizards
  8 goblins
  A jackal skeleton (D:4)
  13 kobolds
  8 rats
  A spectral kobold (D:3)
176 creatures vanquished.

Vanquished Creatures (others)
  A worm (D:4)
  2 goblins (D:4)
  A hobgoblin (D:4)
  A kobold (D:4)
5 creatures vanquished.

Grand Total: 181 creatures vanquished

Notes
Turn   | Place    | Note
-------+----------+-------------------------------------------
     0 | D:1      | Elvor the Draconian Conjurer began the quest for the Orb.
     0 | D:1      | Reached XP level 1. HP: 14/14 MP: 3/3
   218 | D:1      | Found a faded altar of an unknown god.
   269 | D:1      | Reached XP level 2. HP: 16/20 MP: 0/5
   466 | D:1      | Learned a level 2 spell: Searing Ray
   539 | D:1      | Reached skill level 1 in Fighting
   543 | D:1      | Found Uripp's Distillery.
   733 | D:1      | Reached XP level 3. HP: 28/28 MP: 4/6
   969 | D:1      | Bought a potion of curing for 42 gold pieces
  1175 | D:2      | Reached XP level 4. HP: 21/35 MP: 3/7
  1346 | D:2      | Noticed Jessica
  1358 | D:2      | Killed Jessica
  1620 | D:3      | Reached XP level 5. HP: 41/41 MP: 6/9
  1708 | D:3      | Learned a level 4 spell: Iskenderun's Mystic Blast
  1910 | D:3      | Reached skill level 5 in Conjurations
  2173 | D:3      | Found a hazy altar of Hepliaklqana.
  2216 | D:3      | Found a broken altar of Ashenzari.
  2439 | D:1      | Bought a potion of heal wounds for 70 gold pieces
  2439 | D:1      | Bought a potion of lignification for 42 gold pieces
  2527 | D:4      | Found a staircase to the Ecumenical Temple.
  2540 | Temple   | Entered the Ecumenical Temple
  2606 | Temple   | Became a worshipper of the Shining One
  2845 | D:4      | Reached XP level 6. HP: 17/49 MP: 1/10
  2925 | D:4      | Noticed Grinder
  2946 | D:4      | Paralysed by Grinder for 2 turns
  2954 | D:4      | Paralysed by Grinder for 6 turns
  2984 | D:4      | Paralysed by Grinder for 4 turns
  3217 | D:4      | Paralysed by Grinder for 5 turns
  3231 | D:4      | Killed Grinder
  3232 | D:4      | Reached skill level 1 in Short Blades
  3232 | D:4      | Reached skill level 1 in Throwing
  3379 | D:4      | Your scales start taking on a lurid green colour.
  3379 | D:4      | Reached XP level 7. HP: 57/57 MP: 9/12
  3379 | D:4      | Gained mutation: Your system is resistant to poisons.
                  | (rPois) [Green Draconian growth]
  3477 | D:4      | You fall into a shaft and drop 1 floor!
  3477 | D:5      | Entered Level 5 of the Dungeon
  3477 | D:5      | Found an opulent altar of Gozag.
  3514 | D:4      | Found a shimmering altar of Xom.
  3559 | D:4      | Noticed Blork the orc
  3565 | D:4      | Killed Blork the orc
  3616 | D:4      | Reached * piety under the Shining One
  4355 | D:5      | Reached skill level 6 in Conjurations
  4384 | D:5      | Reached XP level 8. HP: 34/66 MP: 2/14
  4435 | D:5      | Found a shimmering blue altar of Sif Muna.
  5184 | D:6      | Reached skill level 1 in Long Blades
  5201 | D:6      | Found a radiant altar of Vehumet.
  5267 | D:6      | Found a runed translucent gate.
  5267 | D:6      | Found a runed translucent gate.
  5267 | D:6      | Found a runed translucent gate.
  5267 | D:6      | Found an opulent altar of Gozag.
  5268 | D:6      | Noticed a cyclops
  5268 | D:6      | Noticed PanSaczeczos's ghost (novice TeSu)
  5270 | D:6      | Identified the +10 falchion "Pendulum" {holy, Will+}
  5392 | D:6      | Reached skill level 5 in Spellcasting
  5463 | D:6      | Reached ** piety under the Shining One
  5468 | D:6      | Reached skill level 5 in Fighting
  5667 | D:6      | Reached XP level 9. HP: 66/74 MP: 10/16
  5777 | D:7      | Found an ancient bone altar of Kikubaaqudgha.
  5780 | D:7      | Noticed Menkaure
  5783 | D:7      | Found a basalt altar of Yredelemnul.
  5786 | D:7      | Found a transporter.
  5801 | D:7      | Found a transporter.
  6001 | D:7      | Found a white marble altar of Elyvilon.
  6073 | D:7      | Found a stormy altar of Qazlal.
  6205 | D:7      | Found a sacrificial altar of Ru.
  6367 | D:7      | Found a hide-covered altar of Uskayaw.
  6550 | D:7      | Killed Menkaure
  6620 | D:8      | Reached skill level 7 in Conjurations
  6693 | D:8      | Reached skill level 5 in Long Blades
  6781 | D:8      | Found an opulent altar of Gozag.
  6781 | D:8      | Reached *** piety under the Shining One
  6781 | D:8      | Noticed a two-headed ogre
  6863 | D:8      | Killed from afar by a white imp

Illustrated notes

Levels and vault maps discovered:
D:1:      dpeg_arrival_subterranean_lakeside_camping, layout_loops_corners,
          serial_shops, nicolae_square_shop, hellmonk_ecumenical_altar_run_dry
D:2:      layout_basic, uniq_jessica
D:3:      layout_basic, nicolae_hepliaklqana_monster_ancestors,
          mainiacjoe_overflow_concentric_impassable, kennysheep_generic_room_11
D:4:      layout_basic, xom_confusion_cloud, minmay_temple_entry_grid,
          chequers_serial_rivers_large_b, uniq_grinder, uniq_blork_the_orc
D:5:      layout_basic, mainiacjoe_overflow_catwalk, kennysheep_orc_sif_temple
D:6:      minmay_bubble_buster, layout_rooms, mainiacjoe_overflow_24_doors,
          ebering_ghost_gozag, moated_statue
D:7:      layout_basic, gammafunk_temple_of_torment,
          nicolae_qazlal_style_of_elements, amcnicky_altar_gilded,
          elyvilon_altar_5, nicolae_uskayaw_dance_studio, hex_large
D:8:      layout_cave_pools, minmay_ruined_shrine
Temple:   pf_slime_end_temple

Skill      XL: |  1  2  3  4  5  6  7  8  9 |
---------------+----------------------------+-----
Fighting       | 1 2 3 5 6 |  6.2
Dodging        | 2 3 4 |  4.9
Stealth        | 2 |  2.8
Conjurations   | 5 6 7 |  7.2
Spellcasting   | 3 4 5 6 |  6.1
Short Blades   | 1 2 |  2.1
Throwing       | 1 2 |  2.8
Long Blades    | 3 5 |  5.6

Action                   |  1- 3 |  4- 6 |  7- 9 || total
-------------------------+-------+-------+-------++-------
Melee: Unarmed           |    13 |       |       ||    13
       Tailslap          |     4 |     5 |     3 ||    12
       Dagger            |    39 |    43 |     3 ||    85
       Long sword        |       |       |     3 ||     3
       Falchion          |       |       |    29 ||    29
Throw: Dart              |     4 |    12 |    14 ||    30
 Cast: Magic Dart        |    54 |    32 |     5 ||    91
       Searing Ray       |     5 |    25 |    50 ||    80
 Abil: Breathe Noxious F |       |       |     9 ||     9
Armor: Skin              |    20 |    34 |    60 ||   114
Dodge: Dodged            |    48 |    31 |    57 ||   136
       Rpst.: Long sword |       |       |     6 ||     6
       Falchion          |       |       |    10 ||    10
